 Dungeon Crawl Stone Soup version 0.19.0-11-g3fc08b3 (webtiles) character file.

268 Chiseanne the Magician (level 6, 41/41 HPs)
             Began as a Demonspawn Wizard on Nov 9, 2016.
             Quit the game in a sewer.
             The game lasted 00:06:20 (4011 turns).

Chiseanne the Magician (Demonspawn Wizard)          Turns: 4011, Time: 00:06:21

Health: 41/41      AC:  3    Str:  8    XL:     6   Next: 0%
Magic:  0/13       EV: 12    Int: 21    God:
Gold:   130        SH:  0    Dex: 15    Spells: 4 memorised, 5 levels left

rFire  . . .     SeeInvis .     a - +0 trident (protect)
rCold  + . .     Gourm    .     r - +0 robe
rNeg   . . .     Faith    .     (no shield)
rPois  .         Spirit   .     b - +0 hat
rElec  .         Reflect  .     f - +0 cloak {MR+}
rCorr  .         Harm     .     (no gloves)
MR     +....                    (no boots)
Stlth  +++.......               (no amulet)
                                (no ring)
                                (no ring)

@: very slightly contaminated
A: hooves 1, thin skeletal structure 2, cold resistance 1
a: no special abilities


You were in a sewer.
You were hungry.

You visited 1 branch of the dungeon, and saw 3 of its levels.
You also visited: Sewer.

You collected 130 gold pieces.

Inventory:

Hand Weapons
 a - a +0 trident of protection (weapon)
 s - a +2 quarterstaff of chaos
Missiles
 e - 54 stones (quivered)
 h - 11 poisoned needles
 m - 62 arrows
Armour
 b - a +0 hat (worn)
 f - a +0 cloak of magic resistance (worn)
 r - a +0 robe (worn)
Wands
 j - a wand of flame (12/48)
Scrolls
 i - 2 scrolls of remove curse
Potions
 p - a potion of curing
Comestibles
 d - a bread ration


   Skills:
 - Level 1.7 Dodging
 - Level 1.7 Stealth
 * Level 4.8 Spellcasting
 * Level 4.3 Conjurations
   Level 1.0 Summonings
 - Level 0.8 Translocations


You had 5 spell levels left.
You knew the following spells:

 Your Spells              Type           Power        Failure   Level  Hunger
a - Magic Dart            Conj           ###.         1%          1    None
b - Mephitic Cloud        Conj/Pois/Air  ##......     21%         3    ##.....
c - Conjure Flame         Conj/Fire      ##......     17%         3    ##.....
d - Blink                 Tloc           N/A          12%         2    None


Dungeon Overview and Level Annotations

Branches:
Dungeon (3/15)

Altars:
Vehumet


Innate Abilities, Weirdness & Mutations

You have large cloven feet.
You have a moderately thin skeletal structure. (Dex +4, Stealth+)
Your flesh is cold resistant. (rC+)


Message History

Casting: Magic Dart
Confirm with . or Enter, or press ? or * to list all spells.
Aiming: Magic Dart
Press: ? - help, Shift-Dir - straight line, f/p - ooze
Aim: an ooze (moderately wounded)
The magic dart hits the ooze.
The ooze is severely wounded.
Casting: Magic Dart
Confirm with . or Enter, or press ? or * to list all spells.
Aiming: Magic Dart
Press: ? - help, Shift-Dir - straight line, f/p - ooze
Aim: an ooze (severely wounded)
The magic dart hits the ooze.
You kill the ooze!
You have reached level 6!
Your experience leads to an increase in your attributes!
Increase (S)trength, (I)ntelligence, or (D)exterity?
You feel clever.
Your demonic ancestry asserts itself...
Your feet thicken and deform.
Are you sure you want to abandon this character and quit the game? (Confirm with "yes".)

#≈.≈.
#≈≈#
#≈÷##
#≈≈##
#≈≈≈#
#.≈.##
#≈÷.≈#
#.≈≈≈#
#≈@≈≈#
#.≈≈##
#≈≈.≈#
#†≈≈≈##
≈≈≈≈≈##
≈≈≈.###
≈≈≈###
###


There were no monsters in sight!

Vanquished Creatures
  Crazy Yiuf (D:2)
  Natasha (D:2)
  12 adders
  A river rat (D:3)
  4 oozes (Sewer)
  A worm (D:2)
  A dart slug (D:2)
  7 leopard geckos (Sewer)
  3 orcs (D:3)
  5 bats
  8 giant cockroaches
  4 goblins
  4 hobgoblins
  3 jackals (D:2)
  6 kobolds
  8 ball pythons
  8 frilled lizards
  8 rats
85 creatures vanquished.

Notes
Turn   | Place    | Note
-------+----------+-------------------------------------------
     0 | D:1      | Chiseanne the Demonspawn Wizard began the quest for the Orb.
     0 | D:1      | Reached XP level 1. HP: 13/13 MP: 4/4
   422 | D:1      | Gained mutation: You have a somewhat thin skeletal structure. (Dex +2, Stealth) [demonic ancestry]
   422 | D:1      | Reached XP level 2. HP: 19/19 MP: 1/6
  1519 | D:2      | Gained mutation: Your flesh is cold resistant. (rC+) [demonic ancestry]
  1519 | D:2      | Reached XP level 3. HP: 24/24 MP: 1/7
  2291 | D:2      | Reached XP level 4. HP: 30/30 MP: 5/9
  2689 | D:2      | Noticed Natasha
  2696 | D:2      | Killed Natasha
  2747 | D:2      | Learned a level 3 spell: Mephitic Cloud
  2751 | D:2      | Learned a level 3 spell: Conjure Flame
  2754 | D:2      | Learned a level 2 spell: Blink
  2896 | D:2      | Found a radiant altar of Vehumet.
  2918 | D:2      | Found a runed door.
  2922 | D:2      | Noticed Crazy Yiuf
  2927 | D:2      | Killed Crazy Yiuf
  2927 | D:2      | Gained mutation: You have a moderately thin skeletal structure. (Dex +4, Stealth+) [demonic ancestry]
  2927 | D:2      | Reached XP level 5. HP: 35/35 MP: 1/11
  3346 | D:3      | Found a glowing drain.
  3354 | Sewer    | Entered a sewer
  4010 | Sewer    | Gained mutation: You have large cloven feet. [demonic ancestry]
  4010 | Sewer    | Reached XP level 6. HP: 41/41 MP: 0/13
  4011 | Sewer    | Quit the game

Skill      XL: |  1  2  3  4  5 |
---------------+----------------+-----
Conjurations   | 2 3 4 |  4.3
Spellcasting   | 4 |  4.8
Dodging        | |  1.7
Stealth        | |  1.7
Summonings     | |  1.0
Translocations | |  0.8

Action                   |  1- 3 |  4- 6 || total
-------------------------+-------+-------++-------
Melee: Unarmed           |     8 |       ||     8
       Dagger            |    33 |       ||    33
       Trident           |       |    37 ||    37
 Cast: Magic Dart        |    78 |    98 ||   176
       Mephitic Cloud    |       |     1 ||     1
       Blink             |       |     1 ||     1
  Use: Scroll            |       |     9 ||     9
       Potion            |       |     3 ||     3
 Stab: Sleeping          |     1 |     1 ||     2
  Eat: Chunk             |     4 |     5 ||     9
Armor: Robe              |    13 |    60 ||    73
Dodge: Dodged            |    30 |   121 ||   151
